 Dungeon Crawl Stone Soup version 0.22-b1-21-g5cfc168 (webtiles) character file.

30 letownia2 the Insei (level 3, 25/26 HPs)
             Began as a Demonspawn Transmuter on Aug 3, 2018.
             Quit the game on level 4 of the Dungeon.
             The game lasted 00:01:39 (504 turns).

letownia2 the Insei (Demonspawn Transmuter)          Turns: 504, Time: 00:01:40

Health: 25/26      AC:  3    Str: 11    XL:     3   Next: 3%
Magic:  3/6        EV: 12    Int: 14    God:
Gold:   38         SH:  0    Dex: 13    Spells: 3/6 levels left

rFire    . . .     SeeInvis .     - Unarmed
rCold    + . .     Gourm    .   (no shield)
rNeg     . . .     Faith    .   j - +0 leather armour
rPois    .         Spirit   .   (no helmet)
rElec    .         Reflect  .   (no cloak)
rCorr    .         Harm     .   (no gloves)
MR       .....                  (boots currently unavailable)
Stlth    +.........             (no amulet)
HPRegen  0.08/turn              (no ring)
MPRegen  0.10/turn              (no ring)

@: appendage (expiring), very slightly contaminated
A: talons 3, cold resistance 1, demonic guardian 1
a: End Transformation


You were on level 4 of the Dungeon.
You were not hungry.
You had grown temporary talons.
You visited 1 branch of the dungeon, and saw 4 of its levels.

You collected 38 gold pieces.

Inventory:

Missiles
 a - 31 arrows
 f - 14 bolts
Armour
 b - a +0 robe
 e - a +0 buckler
 j - a +0 leather armour (worn)
Jewellery
 i - an uncursed ring of ice
Scrolls
 c - a scroll of amnesia {unknown}
 g - a scroll of magic mapping {unknown}
Potions
 h - a potion of berserk rage {unknown}
Comestibles
 d - a ration


   Skills:
 - Level 1.0 Fighting
 - Level 1.7 Dodging
 + Level 3.8 Unarmed Combat
 - Level 2.0 Spellcasting
 - Level 1.7 Transmutations


You had 3 spell levels left.
You knew the following spells:

 Your Spells              Type           Power        Failure   Level  Hunger
a - Beastly Appendage     Tmut           #.....       16%         1    ##.....
l - Sticks to Snakes      Tmut           #.......     22%         2    ###....

Your spell library contained the following spells:

 Spells                   Type           Power        Failure   Level  Hunger
 Spider Form              Tmut/Pois      #.........   54%         3    ####...
 Blade Hands              Tmut           #.........   99%         5    ######.
 Ice Form                 Ice/Tmut       #.......     91%         4    #####..


Dungeon Overview and Level Annotations

Branches:
Dungeon (4/15)
 Temple: D:4-7

Altars:


Innate Abilities, Weirdness & Mutations

Your flesh is cold resistant. (rC+)
A weak demonic guardian rushes to your aid.
You have claws for feet.


Message History

You miss the adder. The adder barely misses you.
You closely miss the adder. The adder bites you but does no damage.
You hit the adder.
The adder is heavily wounded.
The adder barely misses you. The adder bites you.
You closely miss the adder.
The adder is heavily wounded.
The adder closely misses you.
You punch the adder!
You kill the adder!
You have reached level 3!
Your experience leads to an increase in your attributes!
Increase (S)trength, (I)ntelligence, or (D)exterity?
Uppercase letters only, please.
You feel stronger.
Your demonic ancestry asserts itself...
You feel the presence of a demonic guardian.
Your transformation is almost over.
You see here an adder corpse.
You now have 38 gold pieces (gained 14).
Are you sure you want to abandon this character and quit the game? (Confirm with "yes".)

#################
#................
#.<..............
#...†....@.......
#................
#................
################.


There were no monsters in sight!

Vanquished Creatures
  An adder (D:4)
  3 dart slugs
  3 hobgoblins (D:1)
  A kobold (D:1)
  2 bats (D:1)
  A frilled lizard (D:1)
  2 goblins (D:1)
  3 rats
  2 toadstools (D:1)
18 creatures vanquished.

Vanquished Creatures (others)
  2 toadstools (D:1)
2 creatures vanquished.

Grand Total: 20 creatures vanquished

Notes
Turn   | Place    | Note
-------+----------+-------------------------------------------
     0 | D:1      | letownia2 the Demonspawn Transmuter began the quest for the Orb.
     0 | D:1      | Reached XP level 1. HP: 15/15 MP: 3/3
    76 | D:1      | Reached skill level 3 in Unarmed Combat
   196 | D:1      | Gained mutation: Your flesh is cold resistant. (rC+) [demonic ancestry]
   196 | D:1      | Reached XP level 2. HP: 16/21 MP: 5/5
   319 | D:2      | Learned a level 2 spell: Sticks to Snakes
   496 | D:4      | Gained mutation: A weak demonic guardian rushes to your aid. [demonic ancestry]
   496 | D:4      | Reached XP level 3. HP: 24/26 MP: 2/6
   504 | D:4      | Quit the game

Skill      XL: |  1 |
---------------+----+-----
Unarmed Combat | 3 |  3.8
Fighting       | |  1.0
Dodging        | |  1.7
Spellcasting   | |  2.0
Transmutations | |  1.7

Action                   || total
-------------------------++-------
Melee: Unarmed           ||    47
       Headbutt          ||     3
       Kick              ||     3
 Cast: Beastly Appendage ||    11
 Stab: Sleeping          ||     1
Armor: Robe              ||     6
       Leather armour    ||     1
Dodge: Dodged            ||    25
